Map: Ulrena

Players

zidar - Winner!

  • Race: Zerg Zerg
  • League: Silver
  • Spawn Location: 7:00

Hansi

  • Race: Protoss Protoss
  • League: Silver
  • Spawn Location: 11:00

VOD

Have the link to the VOD?

Description

Time

  • Played on: Jan. 18, 2016, 2:14 p.m.
  • Length: 7:41
Show
View Real Time Build Order
Export as new Build Order

zidar Zerg - Winner!

Build Orders: Pool First 

Get SALT Encoding   

  12  0:02  Drone  
  13  0:12  Overlord  
  13  0:17  Drone  
  14  0:30  Drone x2  
  14  0:34  Drone  
  17  0:47  Spawning Pool  
  16  0:50  Drone  
  16  0:54  Extractor  
  17  1:21  Hatchery, Drone  
  17  1:25  Extractor, Drone  
  18  1:26  Drone  
  18  1:34  Overlord  
  18  2:05  Zergling x2  
  18  2:06  Zergling x2  
  20  2:29  Zergling x6  
  22  2:35  Queen  
  22  2:36  Queen  
  26  2:39  Zergling x2  
  26  2:41  Metabolic Boost  
  27  2:48  Zergling x2  
  27  2:49  Zergling x2  
  29  2:57  Zergling x4  
  31  3:05  Evolution Chamber  
  27  3:20  Zergling x8  
  27  3:26  Drone  
  28  4:00  Zergling x14  
  35  4:08  Overlord x2  
  35  4:18  Zerg Ground Armor Level 1  
  35  4:30  Zergling x2  
  35  4:31  Zergling x10  
  31  5:04  Zergling x2  
  31  5:05  Zergling x10  
  34  5:19  Zergling x2  
  34  5:20  Zergling x6  
  38  6:01  Zergling x2  
  38  6:02  Zergling x16  
  45  6:44  Zergling x6  
  45  6:45  Zergling x6  
Show
View Real Time Build Order
Export as new Build Order

Hansi Protoss 

Build Orders: Mass Adepts 

Get SALT Encoding   

  12  0:01  Probe (Chrono Boost)  
  13  0:11  Probe (Chrono Boost)  
  14  0:19  Pylon  
  14  0:25  Probe (Chrono Boost)  
  15  0:37  Probe (Chrono Boost)  
  15  0:39  Gateway  
  16  0:48  Probe (Chrono Boost)  
  16  0:49  Assimilator  
  17  0:59  Probe (Chrono Boost)  
  18  1:17  Gateway, Probe (Chrono Boost)  
  19  1:29  Cybernetics Core  
  19  1:31  Zealot (Chrono Boost)  
  21  1:38  Pylon  
  21  1:50  Gateway  
  21  2:01  Gateway  
  21  2:06  Adept (Chrono Boost)  
  23  2:11  Mothership Core  
  25  2:33  Adept (Chrono Boost)  
  29  2:37  Adept (Chrono Boost), Pylon  
  31  2:48  Adept (Chrono Boost)  
  31  2:50  Pylon  
  33  2:59  Adept (Chrono Boost)  
  33  3:10  Adept (Chrono Boost)  
  35  3:13  Adept (Chrono Boost)  
  35  3:18  Adept (Chrono Boost)  
  35  3:27  Adept (Chrono Boost)  
  37  3:43  Adept (Chrono Boost)  
  39  3:56  Adept x3 (Chrono Boost)  
  39  4:06  Adept (Chrono Boost)  
  41  4:23  Adept (Chrono Boost)  
  35  4:40  Adept (Chrono Boost)  
  35  4:44  Adept (Chrono Boost)  
  39  4:53  Adept (Chrono Boost)  
  39  4:54  Adept (Chrono Boost)  
  37  5:04  Adept (Chrono Boost)  
  33  5:15  Adept (Chrono Boost)  
  33  5:26  Adept (Chrono Boost)  
  33  5:27  Adept (Chrono Boost)  
  37  5:33  Adept (Chrono Boost)  
  39  5:55  Pylon  
  41  5:58  Stalker (Chrono Boost)  
  41  5:59  Pylon  
  21  6:45  Probe  
  21  6:58  Probe  
  21  7:00  Adept (Chrono Boost)  
  28  7:04  Adept x2 (Chrono Boost)  
  28  7:10  Probe  
  21  7:22  Probe  
Tags
 
Composition
Mass Adepts
Matchup
PvZ
Opening
Pool First
Spawn Locations
Close Positions
Add a new tag
Caveats
  • Supply blocks, unpowered buildings, or Contaminate may cause inaccurate times.
  • Supply counts are checked every 10 seconds.